 Dungeon Crawl Stone Soup version 0.20.1-1-g8b1a95d (webtiles) character file.

60 Nattfarinn the Vexing (level 4, -7/28 HPs)
             Began as an Octopode Enchanter on Aug 2, 2017.
             Mangled by a gnoll
             ... wielding a +0 halberd
              (15 damage)
             ... on level 3 of the Dungeon.
             The game lasted 00:02:58 (1587 turns).

Nattfarinn the Vexing (Octopode Enchanter)          Turns: 1587, Time: 00:03:00

Health: -7/28      AC:  1    Str:  7    XL:     4   Next: 6%
Magic:  7/7        EV: 13    Int: 18    God:
Gold:   121        SH:  0    Dex: 12    Spells: 3/7 levels left

rFire    . . .     SeeInvis .   d - +0 spear (venom)
rCold    . . .     Gourm    .   (no shield)
rNeg     . . .     Faith    .   (helmet restricted)
rPois    .         Spirit   .   (no amulet)
rElec    .         Reflect  .   (no ring)
rCorr    .         Harm     .   (no ring)
MR       .....                  (no ring)
Stlth    +++.......             (no ring)
Regen    0.1/turn               (no ring)
MPRegen  0.1/turn               (no ring)
                                (no ring)
                                (no ring)

@: no status effects
A: almost no armour, stealthy swim, amphibious, 8 rings, constrict 8, camouflage
1, gelatinous body 1
a: no special abilities


You were on level 3 of the Dungeon.
You were not hungry.

You visited 1 branch of the dungeon, and saw 3 of its levels.

You collected 121 gold pieces.

Inventory:

Hand Weapons
 a - a +1 dagger
 d - a +0 spear of venom (weapon)
 m - a +0 rapier
Missiles
 j - 18 poisoned needles
Scrolls
 f - a scroll of remove curse
 k - a scroll of blinking {unknown}
 l - a scroll of noise {unknown}
 n - a scroll of teleportation {unknown}
 o - 4 scrolls of identify {unknown}
 p - 3 scrolls of recharging {unknown}
Potions
 e - a potion of ambrosia {unknown}
 h - a potion of cancellation {unknown}
 i - 2 potions of heal wounds {unknown}
Books
 b - a book of Maledictions

   Spells                             Type                      Level
   a - Corona                         Hexes                        1
   b - Ensorcelled Hibernation        Hexes/Ice                    2
   c - Confuse                        Hexes                        3
   d - Tukima's Dance                 Hexes                        3
   e - Dazzling Spray                 Conjuration/Hexes            3
Comestibles
 c - 2 bread rations
 g - a meat ration


   Skills:
 * Level 1.6 Fighting
 - Level 1.0 Short Blades
 * Level 2.3 Dodging
 - Level 4.0 Stealth
 - Level 2.0 Spellcasting
 * Level 4.1 Hexes


You had 3 spell levels left.
You knew the following spells:

 Your Spells              Type           Power        Failure   Level  Hunger
a - Corona                Hex            ###....      3%          1    #......
b - Confuse               Hex            ###.....     10%         3    ###....


Dungeon Overview and Level Annotations

Branches:
Dungeon (3/15)

Altars:


Innate Abilities, Weirdness & Mutations

You cannot wear most types of armour.
You are very stealthy in the water. (Stealth+)
You are amphibious.
You can wear up to eight rings at the same time.
You can use your tentacles to constrict eight enemies at once.
Your skin changes colour to match your surroundings (Stealth+).
Your rubbery body absorbs attacks. (AC +1, EV +1)


Message History

Eat a chunk of flesh? (ye/n/q)
You eat the chunk of flesh.
This raw flesh tastes terrible.
There is a stone staircase leading down here.
You start resting.
HP restored.
You climb downwards.
The gnoll misses you. The gnoll hits you with a halberd.
There is a stone staircase leading up, spattered with blood here.
You closely miss the gnoll. Your grab misses the gnoll.
The gnoll closely misses you. x2
You closely miss the gnoll. Your grab misses the gnoll. You squeeze the gnoll!
The gnoll is heavily wounded.
The gnoll hits you but does no damage. The gnoll closely misses you.
You barely miss the gnoll. You grab the gnoll.
The gnoll is heavily wounded.
You constrict the gnoll. The gnoll hits you with a halberd!
Ouch! That really hurt!
* * * LOW HITPOINT WARNING * * *
The gnoll hits you with a halberd!
Ouch! That really hurt!
You die...

### #. .. .. ..
.## #. .. #.#.#
##.[.####.#
#..!g......
#..@g.#
..............#
....$)..##.##.#
.......## #
....... .......
.....#. )......


You could see 2 gnolls.

Vanquished Creatures
  2 gnolls (D:2)
  A dart slug (D:1)
  2 leopard geckos
  3 bats
  A giant cockroach (D:1)
  6 goblins
  5 hobgoblins
  A quokka (D:2)
  A ball python (D:1)
  5 frilled lizards
  5 kobolds
  5 rats
37 creatures vanquished.

Notes
Turn   | Place    | Note
-------+----------+-------------------------------------------
     0 | D:1      | Nattfarinn the Octopode Enchanter began the quest for the Orb.
     0 | D:1      | Reached XP level 1. HP: 11/11 MP: 3/3
   157 | D:1      | Reached XP level 2. HP: 13/18 MP: 5/5
   180 | D:1      | Reached skill level 1 in Fighting
   771 | D:1      | Reached XP level 3. HP: 23/23 MP: 6/6
   776 | D:1      | Learned a level 3 spell: Confuse
  1406 | D:2      | Reached XP level 4. HP: 12/28 MP: 7/7
  1587 | D:3      | Mangled by a gnoll

Skill      XL: |  1  2  3 |
---------------+----------+-----
Fighting       | 1 |  1.6
Hexes          | 4 |  4.1
Short Blades   | |  1.0
Dodging        | |  2.3
Stealth        | |  4.0
Spellcasting   | |  2.0

Action                   |  1- 3 |  4- 6 || total
-------------------------+-------+-------++-------
Melee: Whip              |    21 |       ||    21
       Dagger            |     8 |       ||     8
       Constrict         |    20 |     1 ||    21
       Tentacles         |    13 |     1 ||    14
       Spear             |    55 |     3 ||    58
  Use: Scroll            |     1 |       ||     1
 Stab: Sleeping          |    11 |       ||    11
  Eat: Chunk             |     1 |     1 ||     2
Armor: Skin              |     7 |       ||     7
Dodge: Dodged            |    37 |     4 ||    41
